 Dungeon Crawl Stone Soup version 0.26-a0-1012-gedcf9b2963 (webtiles) character file.

Game seed: 7825075372634693196

742 Forecaster the Magician (level 7, -9/57 HPs)
             Began as a Naga Hedge Wizard on Dec 7, 2020.
             Was a Believer of Fedhas.
             Mangled by an orc warrior
             ... wielding a +0 short sword
              (19 damage)
             ... on level 5 of the Dungeon.
             The game lasted 00:18:51 (5475 turns).

Forecaster the Magician (Naga Hedge Wizard)         Turns: 5475, Time: 00:18:53

Health: -9/57      AC:  8    Str: 12    XL:     7   Next: 76%
Magic:  6/15       EV: 10    Int: 15    God:    Fedhas [**....]
Gold:   205        SH:  0    Dex: 12    Spells: 12/17 levels left

rFire    . . .     SeeInvis +   l - +4 dagger (venom)
rCold    . . .     Faith    .   (no shield)
rNeg     . . .     Spirit   .   b - +0 robe
rPois    +         Reflect  .   n - +2 hat
rElec    .         Harm     .   (no cloak)
rCorr    .         Rampage  .   p - +2 pair of gloves
Will     .....                  (no barding)
Stlth    +++.......             (no amulet)
HPRegen  0.19/turn              (no ring)
MPRegen  0.14/turn              (no ring)

@: very slow
A: large, see invisible, deformed body, poison resistance, slowness 2, spit
poison 1, AC +2
a: Spit Poison, Wall of Briars, Renounce Religion


You were on level 5 of the Dungeon.
You worshipped Fedhas.
Fedhas was pleased with you.
You visited 1 branch of the dungeon, and saw 5 of its levels.

You collected 205 gold pieces.

Inventory:

Hand Weapons
 a - a +0 dagger
 l - a +4 dagger of venom (weapon)
 v - a +0 dire flail of holy wrath
Missiles
 m - 25 poisoned darts
 s - 7 silver boomerangs
Armour
 b - a +0 robe (worn)
 c - a +0 hat
 n - a +2 hat (worn)
 p - a +2 pair of gloves (worn)
Jewellery
 d - an uncursed amulet of guardian spirit {unknown}
 o - a cursed -4 ring of slaying
Scrolls
 f - a scroll of identify
 g - 4 scrolls of teleportation
 h - a scroll of amnesia
 j - a scroll of magic mapping {unknown}
Potions
 e - 2 potions of lignification
 i - a potion of degeneration
 q - a potion of haste {unknown}
 r - a potion of berserk rage {unknown}
 t - 4 potions of curing
 u - a potion of magic {unknown}


   Skills:
 + Level 1.2 Fighting
 + Level 2.3 Short Blades
 + Level 2.4 Dodging
 + Level 4.5 Stealth
 + Level 5.9 Spellcasting
 + Level 2.6 Conjurations
 + Level 3.2 Summonings
 + Level 1.0 Translocations


You had 12 spell levels left.
You knew the following spells:

 Your Spells              Type           Power        Failure   Level
a - Magic Dart            Conj           ##..         4%          1
b - Call Imp              Summ           ##......     6%          2
c - Blink                 Tloc           N/A          16%         2

Your spell library contained the following spells:

 Spells                   Type           Power        Failure   Level
 Slow                     Hex            #.......     22%         2
 Conjure Flame            Conj/Fire      #.......     26%         3
 Mephitic Cloud           Conj/Pois/Air  #.......     30%         3


Dungeon Overview and Level Annotations

Branches:
Dungeon (5/15)
 Temple: D:4-7

Altars:
Fedhas
Trog


Innate Abilities, Weirdness & Mutations

You cannot wear boots.
Your serpentine skin is tough. (AC +2)
You have supernaturally acute eyesight. (SInv)
Armour fits poorly on your strangely shaped body.
Your system is resistant to poisons. (rPois)
You cover ground very slowly.
You can spit poison.


Message History

The orc hits you but does no damage.
Your crimson imp hits the white imp.
You closely miss the orc.
The orc is moderately wounded.
Your crimson imp misses the orc warrior.
The orc warrior hits you with a +0 short sword!
The orc hits you.
Your crimson imp barely misses the white imp.
You barely miss the orc.
The orc is moderately wounded.
Your crimson imp hits the orc warrior but does no damage.
The orc warrior hits you with a +0 short sword!
* * * LOW HITPOINT WARNING * * *
The orc barely misses you.
Your crimson imp hits the white imp.
You hit the orc warrior.
The orc warrior looks as sick as possible!
The orc warrior is heavily wounded.
Your crimson imp hits the orc warrior.
The orc warrior hits you with a +0 short sword!!
You die...
Fedhas appreciates your contribution to the ecosystem.

#... ##### #.# #)# ...
#.# #.# #############.#
###.#####.......5o....##
............#...@o5.....#
..........#.#.####.5....#
###.#######.#.# ......#
#.# #.#.# ..)...# #.#
#.#.# ......# #.# #.#.#
......# #.# #.... ......#
#.# #.# #.#


You could see an orc warrior (extremely poisoned), a white imp, an orc and 2
friendly crimson imps.

Vanquished Creatures
  Edmund (D:4)
  An ice beast (D:5)
  An ogre (D:4)
  A centaur (D:5)
  A hound (D:5)
  An iguana (D:4)
  2 worker ants
  An orc wizard (D:5)
  5 adders
  A worm (D:3)
  3 dart slugs
  4 leopard geckos
  2 orcs (D:5)
  4 ball pythons
  4 giant cockroaches
  9 goblins
  4 hobgoblins
  9 jackals
  7 kobolds
  4 quokkas
  6 bats
  2 frilled lizards
  A quokka skeleton (D:5)
  6 rats
80 creatures vanquished.

Vanquished Creatures (collateral kills)
  2 ogres
  A howler monkey (D:4)
  An orc wizard (D:5)
  A worker ant (D:4)
  2 worms (D:2)
  3 orcs
  A giant cockroach (D:1)
  A goblin (D:3)
  5 jackals
  A bat (D:3)
  2 frilled lizards
  3 kobolds
  4 rats
27 creatures vanquished.

Grand Total: 107 creatures vanquished

Notes
Turn   | Place    | Note
-------+----------+-------------------------------------------
     0 | D:1      | Forecaster the Naga Hedge Wizard began the quest for the
                  | Orb.
     0 | D:1      | Reached XP level 1. HP: 15/15 MP: 4/4
   164 | D:1      | Reached XP level 2. HP: 22/22 MP: 3/6
   167 | D:1      | Learned a level 2 spell: Call Imp
   170 | D:1      | Learned a level 2 spell: Blink
   725 | D:1      | You fall into a shaft and drop 1 floor!
   970 | D:2      | Reached XP level 3. HP: 27/28 MP: 1/7
  1055 | D:2      | Found a bloodstained altar of Trog.
  1944 | D:2      | Reached XP level 4. HP: 28/36 MP: 0/9
  2453 | D:2      | HP: 1/37 [worm (9)]
  2737 | D:2      | Found a blossoming altar of Fedhas.
  2743 | D:2      | Became a worshipper of Fedhas Madash
  3488 | D:3      | Reached skill level 4 in Spellcasting
  3643 | D:3      | Reached * piety under Fedhas
  4041 | D:4      | Reached XP level 5. HP: 39/43 MP: 6/11
  4116 | D:4      | Noticed an ogre
  4132 | D:4      | Killed an ogre
  4133 | D:4      | Reached skill level 1 in Short Blades
  4209 | D:4      | Noticed Edmund
  4231 | D:4      | Noticed an ogre
  4237 | D:4      | Reached XP level 6. HP: 50/50 MP: 4/12
  4533 | D:4      | Reached skill level 5 in Spellcasting
  4533 | D:4      | Killed Edmund
  4534 | D:4      | Reached skill level 1 in Fighting
  4675 | D:5      | Entered Level 5 of the Dungeon
  4733 | D:5      | Reached XP level 7. HP: 57/57 MP: 10/14
  5312 | D:5      | Reached ** piety under Fedhas
  5475 | D:5      | Mangled by an orc warrior

Illustrated notes

Levels and vault maps discovered:
D:1:      dpeg_arrival_round_b, layout_loops_corners
D:2:      layout_loops_corners, lemuel_doored_altar, marbit_many_paths,
          minmay_pentomino_z2
D:3:      minmay_chambers_of_threes, layout_loops_ring
D:4:      layout_basic, uniq_edmund
D:5:      layout_loops_ring, lemuel_crystal_altar, serial_shops, shop,
          chequers_arboretum

Skill      XL: |  1  2  3  4  5  6  7 |
---------------+----------------------+-----
Spellcasting   | 4 5 |  5.9
Conjurations   | 2 |  2.6
Stealth        | 4 |  4.5
Short Blades   | 1 2 |  2.3
Dodging        | 2 |  2.4
Summonings     | 2 3 |  3.2
Fighting       | 1 |  1.2
Translocations | |  1.0

Action                   |  1- 3 |  4- 6 |  7- 9 || total
-------------------------+-------+-------+-------++-------
Melee: Dagger            |    24 |   106 |    50 ||   180
 Cast: Magic Dart        |    75 |    70 |     8 ||   153
       Call Imp          |     6 |    28 |    20 ||    54
  Use: Scroll            |       |       |    12 ||    12
 Stab: Distracted        |       |     1 |       ||     1
Armor: Robe              |     6 |    27 |    16 ||    49
Dodge: Dodged            |    21 |    74 |    26 ||   121

Table legend: (Time is in decaauts)
 A = Elapsed time spent in this place.
 B = Non-inter-level travel time spent in this place.
 C = Inter-level travel time spent in this place.
 D = Time resting spent in this place.
 E = Time spent auto-exploring this place.
 F = Levels seen in this place.
 G = Mean time per level.
                   A        B        C        D        E       F      G
               +--------+--------+--------+--------+--------+-----+--------+
         Total |   6357 |   6219 |    138 |     83 |   4790 |   5 | 1271.4 |
       Dungeon |   6357 |   6219 |    138 |     83 |   4790 |   5 | 1271.4 |
               +--------+--------+--------+--------+--------+-----+--------+

Top non-repeatable levels by time:
     D:2: 2530 daAuts
     D:3: 1267 daAuts
     D:5: 860 daAuts
     D:4: 858 daAuts
     D:1: 840 daAuts
